Map: Odyssée EC

Players

Pupa

  • Race: Protoss Protoss
  • League: Platinum
  • Spawn Location: 5:00

despace - Winner!

  • Race: Terran Terran
  • Spawn Location: 11:00

VOD

Have the link to the VOD?

Description

Time

  • Played on: Dec. 9, 2017, 5:24 p.m.
  • Length: 4:33
Show
View Real Time Build Order
Export as new Build Order

Pupa Protoss 

Build Orders: 1 Gate Expand 

Get SALT Encoding   

  12  0:01  Probe (Chrono Boost)  
  13  0:13  Probe (Chrono Boost)  
  14  0:17  Pylon  
  14  0:23  Probe  
  15  0:35  Probe  
  16  0:37  Gateway  
  16  0:47  Probe, Assimilator  
  17  0:59  Probe  
  18  1:11  Probe  
  19  1:27  Nexus  
  19  1:30  Probe  
  20  1:39  Cybernetics Core  
  20  1:42  Probe  
  21  1:50  Pylon  
  22  1:54  Probe (Chrono Boost)  
  22  1:57  Assimilator  
  22  2:06  Probe (Chrono Boost)  
  23  2:10  Probe (Chrono Boost)  
  23  2:13  Gateway  
  24  2:20  Pylon  
  25  2:30  Probe  
  25  2:42  Probe  
  25  2:43  Robotics Facility  
  26  2:44  Warp Gate (Chrono Boost)  
  26  2:46  Probe  
  27  2:54  Probe  
  27  2:55  Sentry (Chrono Boost)  
  30  2:58  Probe  
  33  3:06  Probe  
  33  3:11  Sentry (Chrono Boost)  
  31  3:23  Sentry (Chrono Boost)  
  28  3:42  Observer (Chrono Boost)  
  20  4:02  Stalker  
Show
View Real Time Build Order
Export as new Build Order

despace Terran - Winner!

Build Orders:  

Get SALT Encoding   

  12  0:01  SCV  
  13  0:13  SCV  
  14  0:22  Supply Depot  
  14  0:25  SCV  
  15  0:43  SCV  
  15  0:45  Barracks  
  15  0:48  Refinery  
  16  0:54  Refinery  
  16  0:56  SCV  
  17  1:08  SCV  
  18  1:20  SCV  
  20  1:35  Barracks Tech Lab  
  20  1:36  Ghost Academy  
  20  1:38  Orbital Command  
  19  1:53  Supply Depot  
  19  2:05  Ghost  
  21  2:16  Factory  
  21  2:22  SCV  
  22  2:34  Ghost  
  24  2:38  SCV  
  24  2:41  Supply Depot  
  26  2:51  SCV  
  26  3:00  Factory Reactor  
  26  3:08  SCV  
  26  3:11  Supply Depot  
  27  3:38  Cyclone x2  
Tags
 
League
Platinum
Matchup
PvT
Spawn Locations
Cross Positions
Add a new tag
Caveats
  • Supply blocks, unpowered buildings, or Contaminate may cause inaccurate times.
  • Supply counts are checked every 10 seconds.